Map: Eternal Empire LE

Players

DarkTora

  • Race: Zerg Zerg
  • League: Diamond
  • Spawn Location: 7:00

Ninx - Winner!

  • Race: Zerg Zerg
  • League: Diamond
  • Spawn Location: 1:00

VOD

Have the link to the VOD?

Description

Time

  • Played on: July 30, 2020, 5:17 p.m.
  • Length: 5:39
Show
View Real Time Build Order
Export as new Build Order

DarkTora Zerg 

Build Orders: Pool First 

Get SALT Encoding   

  12  0:00  Drone  
  13  0:13  Overlord  
  13  0:17  Drone  
  14  0:31  Drone x2  
  16  0:43  Spawning Pool  
  16  0:47  Drone  
  16  0:49  Drone  
  17  0:56  Drone  
  18  1:15  Hatchery  
  18  1:18  Drone  
  18  1:19  Drone  
  18  1:23  Extractor  
  18  1:31  Zergling x2  
  19  1:35  Queen  
  21  1:41  Overlord  
  21  1:50  Drone  
  22  2:00  Drone  
  23  2:11  Drone  
  24  2:25  Queen  
  24  2:27  Queen  
  24  2:28  Drone x2  
  30  2:38  Drone x2  
  32  2:44  Drone x3  
  32  2:47  Metabolic Boost  
  34  2:53  Drone  
  34  2:55  Overlord  
  34  2:57  Drone  
  36  3:09  Hatchery  
  35  3:15  Drone x2  
  35  3:18  Drone  
  35  3:19  Drone  
  39  3:25  Evolution Chamber  
  38  3:35  Roach Warren  
  38  3:36  Drone x4  
  38  3:40  Overlord  
  41  3:44  Overlord  
  41  3:49  Zergling x4  
  41  3:55  Zergling x2  
  44  4:01  Zergling x2  
  44  4:02  Zergling x2  
  46  4:05  Zergling x6  
  46  4:09  Drone  
  50  4:10  Extractor x2  
  50  4:12  Drone  
  49  4:22  Zergling x4  
  49  4:23  Zergling x2  
  52  4:36  Zergling x8  
  52  4:37  Zergling x4  
  56  4:45  Zergling x4  
  55  4:48  Zergling x2  
  50  5:02  Zergling x12  
  50  5:06  Zergling x4  
  53  5:12  Zergling x2  
  47  5:16  Zergling x4  
Show
View Real Time Build Order
Export as new Build Order

Ninx Zerg - Winner!

Build Orders: Hatch First 

Get SALT Encoding   

  12  0:00  Drone  
  13  0:12  Overlord  
  13  0:17  Drone  
  14  0:33  Drone x2  
  16  0:51  Hatchery  
  16  0:53  Drone  
  16  0:57  Drone  
  16  1:01  Drone  
  18  1:07  Drone  
  19  1:20  Spawning Pool  
  19  1:25  Overlord  
  18  1:31  Drone  
  18  1:32  Extractor  
  18  1:38  Drone  
  19  1:50  Drone  
  20  2:08  Queen  
  22  2:09  Queen  
  22  2:10  Zergling x2  
  22  2:11  Zergling x2  
  22  2:14  Drone x2  
  28  2:21  Roach Warren  
  28  2:22  Drone  
  28  2:26  Zergling x2  
  29  2:34  Zergling x2  
  30  2:42  Zergling x2  
  31  2:55  Drone x2  
  31  2:56  Drone  
  34  3:00  Roach  
  36  3:08  Overlord  
  36  3:15  Hatchery  
  35  3:27  Roach x4  
  39  3:30  Overlord  
  39  3:34  Drone  
  44  3:43  Overlord  
  44  3:47  Queen  
  44  3:48  Roach  
  48  3:50  Roach  
  48  3:53  Roach  
  52  4:00  Overlord  
  52  4:05  Drone x3  
  55  4:11  Zergling x2  
  55  4:12  Zergling x4  
  58  4:19  Roach  
  58  4:20  Roach  
  62  4:27  Roach x2  
  66  4:32  Zergling x4  
  66  4:33  Zergling x4  
  70  4:45  Zergling x8  
  73  4:47  Overlord  
  69  5:02  Zergling x6  
  69  5:03  Zergling x4  
  69  5:04  Overlord x2  
  72  5:13  Zergling x4  
  69  5:14  Zergling x2  
Tags
 
Add a new tag
Caveats
  • Supply blocks, unpowered buildings, or Contaminate may cause inaccurate times.
  • Supply counts are checked every 10 seconds.